 Dungeon Crawl Stone Soup version 0.23.2-1-ga50397a6bc (webtiles) character file.

Game seed: 8880985580302655839

62 Descartes the Ducker (level 3, -1/15 HPs)
             Began as a Felid Transmuter on Apr 25, 2019.
             Slain by Grinder (7 damage)
             ... while paralysed by Grinder
             ... on level 3 of the Dungeon.
             The game lasted 00:05:05 (2261 turns).

Descartes the Ducker (Felid Transmuter)             Turns: 2261, Time: 00:05:06

Health: -1/15      AC:  1    Str:  6    XL:     3   Next: 85%
Magic:  7/7        EV:  4    Int: 14    God:
Gold:   68         SH:  0    Dex: 17    Spells: 3/6 levels left
                                        Lives:  0   Deaths: 0

rFire    . . .     SeeInvis +     - Unarmed
rCold    . . .     Gourm    .   (shield unavailable)
rNeg     + . .     Faith    .   (armour unavailable)
rPois    .         Spirit   .   (helmet unavailable)
rElec    .         Reflect  .   (cloak unavailable)
rCorr    .         Harm     .   (gloves unavailable)
MR       .....                  (boots unavailable)
Stlth    ++........             (no amulet)
HPRegen  0.05/turn              g - ring of positive energy
MPRegen  0.10/turn              (no ring)

@: paralysed, quick
A: very small, no armour, no weapons or thrown items, stealth, claws 1, fangs 3,
see invisible, carnivore, speed 1, shaggy fur 1, slow metabolism 1, sharp paws
a: no special abilities


You were on level 3 of the Dungeon.
You were completely stuffed.

You visited 1 branch of the dungeon, and saw 3 of its levels.

You collected 68 gold pieces.

Inventory:

Missiles
 a - 56 arrows
Jewellery
 g - a ring of positive energy (left paw)
Wands
 l - a wand of random effects (27)
Scrolls
 b - 2 scrolls of teleportation
 d - 3 scrolls of remove curse
 e - a scroll of magic mapping {unknown}
 h - a scroll of random uselessness {unknown}
 k - 2 scrolls of enchant armour {unknown}
 m - a scroll of enchant weapon {unknown}
Potions
 f - 2 potions of brilliance {unknown}
 i - a potion of mutation {unknown}
 j - 6 potions of curing {unknown}
Comestibles
 c - 4 rations


   Skills:
 + Level 1.4 Fighting
 * Level 3.5 Dodging
 + Level 1.4 Stealth
 * Level 3.4 Unarmed Combat
 + Level 2.2 Spellcasting
 * Level 3.0 Transmutations


You had 3 spell levels left.
You knew the following spells:

 Your Spells              Type           Power        Failure   Level  Hunger
a - Beastly Appendage     Tmut           ##....       7%          1    #......
b - Sticks to Snakes      Tmut           ##......     10%         2    ###....

Your spell library contained the following spells:

 Spells                   Type           Power        Failure   Level  Hunger
 Spider Form              Tmut/Pois      #.........   36%         3    ###....
 Ice Form                 Ice/Tmut       #.......     77%         4    #####..
 Blade Hands              Tmut           ##........   88%         5    ######.


Dungeon Overview and Level Annotations

Branches:
Dungeon (3/15)

Altars:
Xom

Annotations:
D:3 Grinder


Innate Abilities, Weirdness & Mutations

You cannot wear armour.
You are incapable of wielding weapons or throwing items.
Your paws allow you to move quietly. (Stealth)
You have sharp claws.
You have razor-sharp teeth.
You have supernaturally acute eyesight. (SInv)
You are carnivorous and can eat meat at any time.
You cover ground quickly.
You are covered in fur. (AC +1)
You have a slow metabolism.
Your sharp claws are effective at attacking unaware monsters.


Message History

You scratch Grinder. You headbutt Grinder.
Grinder is heavily wounded.
You closely miss Grinder. Your headbutt misses Grinder.
Grinder is heavily wounded.
Grinder completely misses you.
You scratch Grinder.
Grinder is heavily wounded.
Grinder blinks!
You scratch Grinder.
Grinder is heavily wounded.
Grinder misses you.
You barely miss Grinder.
Grinder is heavily wounded.
Grinder gestures at you.
You suddenly lose the ability to move!
Your horns disappear.
Grinder blinks!
Grinder hits you.
You writhe in agony.
Grinder hits you!
You die...

####......####(.#.
#......##.# #...
#.##...##.####.##
#......##....
###...#......
###...#...... #
#............
#.###5...#####
#...@....#
#.........<#..#
#############.# .#
.. .# .#


You could see Grinder.

Vanquished Creatures
  An adder (D:3)
  A worm (D:2)
  2 dart slugs (D:1)
  A leopard gecko (D:2)
  2 giant cockroaches
  7 goblins
  6 hobgoblins
  2 jackals (D:1)
  3 ball pythons
  6 bats
  5 frilled lizards
  5 kobolds
  5 rats
  A butterfly (D:2)
47 creatures vanquished.

Notes
Turn   | Place    | Note
-------+----------+-------------------------------------------
     0 | D:1      | Descartes the Felid Transmuter began the quest for the Orb.
     0 | D:1      | Reached XP level 1. HP: 9/9 MP: 4/4
   144 | D:1      | Reached XP level 2. HP: 10/12 MP: 6/6
   151 | D:1      | Learned a level 2 spell: Sticks to Snakes
   729 | D:1      | Reached skill level 1 in Stealth
  1031 | D:1      | Reached XP level 3. HP: 15/15 MP: 5/7
  1383 | D:2      | Found a shimmering altar of Xom.
  2242 | D:3      | Noticed Grinder
  2256 | D:3      | Paralysed by Grinder for 6 turns
  2261 | D:3      | Slain by Grinder

Skill      XL: |  1  2  3 |
---------------+----------+-----
Dodging        | 3 |  3.5
Stealth        | 1 |  1.4
Transmutations | 3 |  3.0
Fighting       | |  1.4
Unarmed Combat | |  3.4
Spellcasting   | |  2.2

Action                   || total
-------------------------++-------
Melee: Unarmed           ||   140
       Headbutt          ||    18
       Bite              ||     7
       Punch             ||     2
 Cast: Beastly Appendage ||    32
  Use: Scroll            ||     3
 Stab: Sleeping          ||     3
       Distracted        ||     1
  Eat: Chunk             ||    11
Armor: Skin              ||     5
Dodge: Dodged            ||   107
